 Dungeon Crawl Stone Soup version 0.29-a0-1065-g47a6bb87d6 (webtiles) character file.

Game seed: 8669313722362822953

1 drugrobin the Sneak (level 1, -2/17 (18) HPs)
             Began as a Demigod Delver on Aug 18, 2022.
             Slain by a necrophage (7 damage)
             ... on level 4 of the Dungeon.
             The game lasted 00:01:03 (59 turns).

drugrobin the Sneak (Demigod Delver)                  Turns: 59, Time: 00:01:04

HP:   -2/17 (18)    AC:  3    Str: 13    XL:     1   Next: 13%
MP:   3/3           EV: 12    Int: 12    God:
Gold: 0             SH:  0    Dex: 15    Spells: 0/0 levels left

rFire   . . .      SeeInvis .   a - +0 hand axe
rCold   . . .      Faith    .   (no shield)
rNeg    . . .      Spirit   .   b - +0 leather armour
rPois   .          Reflect  .   (no helmet)
rElec   .          Harm     .   (no cloak)
rCorr   .          Rampage  .   (no gloves)
Will    .....                   (no boots)
Stlth   +++.......              (no amulet)
HPRegen 0.05/turn               (no ring)
MPRegen 0.08/turn               (no ring)

@: drained
A: high MP 1, forlorn, divine attributes
a: no special abilities


You were on level 4 of the Dungeon.
You visited 1 branch of the dungeon, and saw 2 of its levels.

Inventory:

Hand Weapons
 a - a +0 hand axe (weapon)
Armour
 b - a +0 leather armour (worn)
Wands
 g - a wand of digging (3)
Scrolls
 c - a scroll of fog
 d - a scroll of magic mapping
 e - a scroll of fear
Potions
 f - a potion of haste


   Skills:
 + Level 2.7 Fighting
 + Level 1.8 Axes
 + Level 1.8 Dodging
 + Level 4.5 Stealth


You couldn't memorise any spells.
You didn't know any spells.
Your spell library was empty.

Dungeon Overview and Level Annotations

Branches:
Dungeon (5/15)
 Temple: D:4-7


Innate Abilities, Weirdness & Mutations

You have an increased reservoir of magic. (+10% MP)
You shall have no god before yourself.
Your divine heritage dramatically boosts your attributes as you level up.


Message History

Press: ? - help, Shift-Dir - straight line, f/p - necrophage
Aim: a necrophage (chance to affect: 31%)
The necrophage easily resists.
The necrophage hits you.
You feel drained.
Unknown command.
Aiming: Charm
Press: ? - help, Shift-Dir - straight line, f/p - necrophage
Aim: a necrophage (chance to affect: 31%)
The necrophage easily resists.
The necrophage hits you!
Unknown command.
Aiming: Charm
Press: ? - help, Shift-Dir - straight line, f/p - necrophage
Aim: a necrophage (chance to affect: 31%)
The necrophage easily resists.
The necrophage barely misses you.
Unknown command.
Aiming: Charm
Press: ? - help, Shift-Dir - straight line, f/p - necrophage
Aim: a necrophage (chance to affect: 31%)
The necrophage easily resists.
The necrophage hits you.
* * * LOW HITPOINT WARNING * * *
Unknown command.
Aiming: Charm
Press: ? - help, Shift-Dir - straight line, f/p - necrophage
Aim: a necrophage (chance to affect: 31%)
The necrophage easily resists.
The necrophage hits you but does no damage.
Unknown command.
Aiming: Charm
Press: ? - help, Shift-Dir - straight line, f/p - necrophage
Aim: a necrophage (chance to affect: 31%)
The necrophage easily resists.
The now-empty wand crumbles to dust.
The necrophage barely misses you.
Unknown command.
Unknown command.
Okay, then.
Okay, then.
The necrophage attacks as you move away!
The necrophage barely misses you.
The necrophage attacks as you move away!
The necrophage hits you!
You die...

♣♣ ♣♣.♣
♣♣.♣♣♣
♣♣♣....♣
♣...♣♣..♣
♣♣♣♣.♣♣♣
♣♣
♣♣♣♣.@n♣♣
♣♣♣...♣♣♣♣
♣♣..♣♣♣♣
♣>.♣♣ ♣♣♣♣


You could see a necrophage.

Vanquished Creatures
  A ball python (D:4)
1 creature vanquished.

Notes
Turn   | Place    | Note
-------+----------+-------------------------------------------
     0 | D:5      | drugrobin the Demigod Delver began the quest for the Orb.
     0 | D:5      | Reached XP level 1. HP: 18/18 MP: 3/3
     4 | D:5      | Noticed a howler monkey
    37 | D:4      | Noticed a necrophage
    59 | D:4      | Slain by a necrophage

Illustrated notes

Levels and vault maps discovered:
D:4:      kb_forest_paths, layout_basic, mainiacjoe_overflow_alcove_1
D:5:      layout_basic, marbit_many_paths, yredelemnul_forgotten_temple_becter,
          uniq_ijyb, uniq_menkaure

Action                   || total
-------------------------++-------
Melee: Hand axe          ||     3
Evoke: Wand              ||     7
Armor: Leather armour    ||     1
Dodge: Dodged            ||    11

Table legend: (Time is in decaauts)
 A = Elapsed time spent in this place.
 B = Non-inter-level travel time spent in this place.
 C = Inter-level travel time spent in this place.
 D = Time resting spent in this place.
 E = Time spent auto-exploring this place.
 F = Levels seen in this place.
 G = Mean time per level.
                   A        B        C        D        E       F      G
               +--------+--------+--------+--------+--------+-----+--------+
         Total |     59 |     59 |      0 |      0 |     11 |   2 |   29.5 |
       Dungeon |     59 |     59 |      0 |      0 |     11 |   2 |   29.5 |
               +--------+--------+--------+--------+--------+-----+--------+

Top non-repeatable levels by time:
     D:4: 42 daAuts
     D:5: 17 daAuts
